 Dungeon Crawl Stone Soup version 0.30.0-19-g36f170ea60 (webtiles) character file.

Game seed: 7131929047235010967

72 JMMCWHIRT the Grave Robber (level 4, 34/34 HPs)
             Began as a Ghoul Necromancer on May 26, 2023.
             Was a Believer of Qazlal.
             Quit the game on level 3 of the Dungeon.
             The game lasted 00:32:48 (3367 turns).

JMMCWHIRT the Grave Robber (Ghoul Necromancer)      Turns: 3367, Time: 00:32:49

Health: 34/34      AC:  6    Str: 11    XL:     4   Next: 25%
Magic:  6/6        EV: 10    Int: 12    God:    Qazlal [**....]
Gold:   137        SH:  2    Dex:  9    Spells: 3/7 levels left

rFire   . . .        e - +0 trident
rCold   + . .        (no shield)
rNeg    + + +        p - +0 ring mail
rPois   ∞            (no helmet)
rElec   .            (no cloak)
rCorr   .            (no gloves)
SInv    .            j - +0 pair of boots
Will    .....        (no amulet)
Stlth   +            (no ring)
HPRegen 0.25/turn    (no ring)
MPRegen 0.10/turn

%: no passive effects
@: no status effects
A: claws 1, cold resistance 1, negative energy resistance 3, inhibited
regeneration, torment resistance 2, devour on kill
a: Renounce Religion, Upheaval


You were on level 3 of the Dungeon.
You worshipped Qazlal.
Qazlal was pleased with you.
You visited 1 branch of the dungeon, and saw 3 of its levels.

You collected 137 gold pieces.

Inventory:

Hand Weapons
 e - a +0 trident (weapon)
 g - a +0 club
 n - a +0 dagger
 o - a +0 dagger
 s - a +0 rapier
 w - a +0 spear
Missiles
 l - 13 stones
 m - 6 boomerangs
Armour
 a - a +0 robe
 j - a +0 pair of boots (worn)
 p - a +0 ring mail (worn)
 t - a +0 ring mail
Scrolls
 c - a scroll of brand weapon {unknown}
 d - a scroll of summoning {unknown}
 i - 5 scrolls of identify {unknown}
 y - a scroll of enchant weapon {unknown}
Potions
 b - a potion of magic
 f - 2 potions of curing {unknown}
 h - a potion of degeneration {unknown}
 k - a potion of berserk rage {unknown}
 q - a potion of ambrosia {unknown}
 r - a potion of heal wounds {unknown}
 u - 3 potions of brilliance {unknown}
 v - 2 potions of lignification {unknown}
 x - 2 potions of might {unknown}


   Skills:
 + Level 0.5 Fighting
 + Level 0.9 Polearms
 + Level 1.0 Armour
 + Level 2.1 Dodging
 + Level 2.3 Stealth
 + Level 0.3 Shields
 + Level 0.8 Unarmed Combat
 + Level 2.0 Spellcasting
 + Level 4.5 Necromancy


You had 3 spell levels left.
You knew the following spells:

 Your Spells              Type           Power      Damage    Failure   Level
a - Necrotise             Necr           48%        1d6       10%         1
b - Vampiric Draining     Necr           12%        2d6       30%         3

Your spell library contained the following spells:

 Spells                   Type           Power      Damage    Failure   Level
 Magic Dart               Conj           4%         1d3       54%         1
 Blink                    Tloc           2%         N/A       67%         2
 Lesser Beckoning         Tloc           2%         N/A       67%         2
 Momentum Strike          Conj/Tloc      2%         3d8       67%         2
 Searing Ray              Conj           2%         2d4       67%         2
 Animate Dead             Necr           12%        N/A       69%         4
 Agony                    Necr           12%        N/A       95%         5
 Fulminant Prism          Conj/Hex       0%         3d5       99%         4


Dungeon Overview and Level Annotations

Branches:
Dungeon (3/15)

Altars:
Qazlal


Innate Abilities, Weirdness & Mutations

You are immune to poison.
You have sharp fingernails.
Your flesh is cold resistant. (rC+)
You are immune to negative energy. (rN+++)
You do not regenerate when monsters are visible.
You are immune to unholy pain and torment.
You thrive by killing the living.


Message History

There's nothing to open nearby.
Okay, then.
(D) Dungeon
Where to? (? - help)
Okay, then.
Okay, then.
No item to drop.
Save game and exit?
Okay, then.
Cast which spell? (? or * to list)
Okay, then.
There's nothing to close nearby.
You aren't carrying any items that you can evoke.
Okay, then.
There are no items here.
Unknown command.
You start waiting.
Done waiting.
You start waiting.
Done waiting.
Number of times to repeat, then command key: You must enter the number of times for the command to repeat.
Unknown command.
Adjust (i)tems, (s)pells, or (a)bilities?
Okay, then.
There's something in the way.
Unknown command.
Unknown command.
Unknown command.
Unknown command.
Unknown command.
Unknown command.
Unknown command.
Unknown command.
Unknown command.
Unknown command.
Unknown command.
Unknown command.
Unknown command.
Are you sure you want to abandon this character and quit the game? (Confirm with "yes".)

#.#.#....# # #.#.#..#.#.#
#.#.#....#.#
######.#.#......# ####
.......#.#.#..#######.#..
####..))...#..÷.......#.#
#.......#...########.#####
#.......###.#............#
#............@######.##.##
....###.#####..○....##>##.#
###.# #.... #..####.##.##.#
#.# #####.#..# #.##.# ...
.........# #.##.# #.
#####.##.# #.##.# ... #.#
#.##.# ### #.# #.# #.# #.#


There were no monsters in sight!

Vanquished Creatures
  An adder (D:2)
  2 dart slugs (D:2)
  3 bats
  3 endoplasms
  A giant cockroach (D:2)
  6 goblins
  3 hobgoblins
  7 jackals (D:2)
  4 quokkas
  6 ball pythons
  5 frilled lizards
  4 kobolds
  6 rats
51 creatures vanquished.

Vanquished Creatures (collateral kills)
  A worm (D:3)
1 creature vanquished.

Grand Total: 52 creatures vanquished

Notes
Turn   | Place    | Note
-------+----------+-------------------------------------------
     0 | D:1      | JMMCWHIRT the Ghoul Necromancer began the quest for the
                  | Orb.
     0 | D:1      | Reached XP level 1. HP: 14/14 MP: 2/2
   388 | D:1      | Found a faded altar of an unknown god.
   400 | D:1      | Prayed at the altar of an unknown god.
   400 | D:1      | Became a worshipper of Qazlal Stormbringer
   400 | D:1      | Reached * piety under Qazlal
   515 | D:1      | Reached XP level 2. HP: 13/20 MP: 3/3
  2091 | D:2      | Reached XP level 3. HP: 18/26 MP: 1/4
  2264 | D:2      | Reached ** piety under Qazlal
  2498 | D:2      | Learned a level 3 spell: Vampiric Draining
  2863 | D:3      | Reached skill level 1 in Armour
  2904 | D:3      | Reached XP level 4. HP: 33/33 MP: 6/6
  3141 | D:3      | Upgraded the game from 0.30.0-18-gc0e69614cb to
                  | 0.30.0-19-g36f170ea60
  3367 | D:3      | Quit the game

Illustrated notes

Levels and vault maps discovered:
D:1:      onia_arrival_mini_spirals, layout_loops_corners,
          chequers_ecumenical_altar_simple
D:2:      layout_loops_corners, chequers_jeans, grunt_ministairs_15
D:3:      layout_basic

Skill      XL: |  1  2  3 |
---------------+----------+-----
Dodging        | 2 |  2.1
Spellcasting   | 2 |  2.0
Armour         | 1 |  1.0
Fighting       | |  0.5
Polearms       | |  0.9
Stealth        | |  2.3
Shields        | |  0.3
Unarmed Combat | |  0.8
Necromancy     | |  4.5

Action                     |  1- 3 |  4- 6 || total
---------------------------+-------+-------++-------
  Melee: Unarmed           |    71 |       ||    71
         Trident           |   109 |    38 ||   147
         Punch             |     2 |       ||     2
   Cast: Necrotise         |     8 |     4 ||    12
         Vampiric Draining |     1 |       ||     1
 Armour: Robe              |    14 |       ||    14
         Ring mail         |    57 |    31 ||    88
  Dodge: Dodged            |   125 |    24 ||   149
  Block: Other             |    16 |     5 ||    21
